[Event "Titled Tuesday Blitz October 11 Early 2022"]
[White "Duda, Jan-Krzysztof"]
[Black "Ohanyan, Emin"]
[WhiteFideId "1170546"]
[BlackFideId "13312022"]
[WhiteElo "2779"]
[BlackElo "2302"]
[Result "1-0"]
[Round "03"]
[TimeControl "180+1"]
[Date "2022.10.11"]
[WhiteClock "0:00:23"]
[BlackClock "0:00:01"]

1. d4 d5 2. c4 c6 3. Nf3 Nf6 4. e3 Bg4 5. h3 Bxf3 6. Qxf3 e6 7. Nc3 Nbd7 8. a3 Bd6 9. g4 O-O 10. g5 Ne8 11. h4 Nc7 12. Bd2 b5 13. cxb5 cxb5 14. Bd3 b4 15. axb4 Bxb4 16. Qh5 g6 17. Qg4 e5 18. h5 exd4 19. hxg6 fxg6 20. Qxd4 Bc5 21. Qh4 Qe7 22. Bxg6 hxg6 23. Qh8+ Kf7 24. Rh7+ Ke6 25. Rxe7+ Kxe7 26. Qh2 Bd6 27. Qg2 Ke6 28. Qg4+ Rf5 29. Nxd5 Ne5 30. Nxc7+ Bxc7 31. Qe4 Rh8 32. Rxa7 Bb6 33. Ra6 Kd7 34. Qb7+ Bc7 35. Qd5+ 1-0


[Site "https://www.chess.com"]

[Event "Titled Tuesday Blitz October 11 Early 2022"]
[White "Durarbayli, Vasif"]
[Black "Guerrero Olmos, Sergio"]
[WhiteFideId "13402935"]
[BlackFideId "2257238"]
[WhiteElo "2586"]
[BlackElo "2272"]
[Result "1-0"]
[Round "03"]
[TimeControl "180+1"]
[Date "2022.10.11"]
[WhiteClock "0:00:11"]
[BlackClock "0:00:34"]

1. e4 e6 2. d4 d5 3. Nc3 Bb4 4. e5 c5 5. a3 Bxc3+ 6. bxc3 Qa5 7. Bd2 Qa4 8. h4 Ne7 9. h5 h6 10. Nf3 b6 11. Rh4 Nf5 12. Rf4 Ba6 13. dxc5 Qc6 14. cxb6 axb6 15. Bd3 Nd7 16. c4 Bxc4 17. Bxf5 exf5 18. Nd4 Qc7 19. Rxf5 O-O 20. f4 Nc5 21. Kf2 Ne4+ 22. Kf3 f6 23. Bb4 Rfe8 24. e6 Rac8 25. g4 Kh7 26. Qg1 Nd6 27. Bxd6 Qxd6 28. g5 fxg5 29. fxg5 Rf8 30. Qg4 Qe5 31. gxh6 Rxf5+ 32. Qxf5+ Qxf5+ 33. Nxf5 Rf8 34. Kg4 Be2+ 35. Kf4 gxh6 36. e7 Re8 37. Re1 Bxh5 38. Nd6 Ra8 39. e8=Q Bxe8 40. Nxe8 Rxa3 41. Nf6+ Kg6 42. Nxd5 Ra2 43. Re2 b5 44. Rg2+ Kf7 45. Ke5 h5 46. Rh2 h4 47. Nb4 Rb2 48. Rxh4 Kg6 49. Kd5 Kg5 50. Rd4 Kf5 51. Kc5 Ke5 52. Rh4 Ke6 53. Kxb5 Kd7 54. Rh6 Kc7 55. Rc6+ Kb7 56. Rc3 Ka7 57. Rb3 1-0


[Site "https://www.chess.com"]

[Event "Titled Tuesday Blitz October 11 Early 2022"]
[White "Erenberg, Ariel"]
[Black "Alexikov, Alexander"]
[WhiteFideId "2811634"]
[BlackFideId "14103958"]
[WhiteElo "2416"]
[BlackElo "2222"]
[Result "1-0"]
[Round "03"]
[TimeControl "180+1"]
[Date "2022.10.12"]
[WhiteClock "0:00:41"]
[BlackClock "0:00:03"]

1. d4 Nf6 2. c4 g6 3. Nc3 Bg7 4. e4 d6 5. Nf3 O-O 6. Be2 e5 7. O-O Nbd7 8. Re1 Re8 9. Bf1 c6 10. h3 exd4 11. Nxd4 Nc5 12. f3 d5 13. cxd5 cxd5 14. e5 Nh5 15. f4 Ng3 16. Bb5 Bd7 17. Nxd5 a6 18. Bxd7 Qxd7 19. Nb6 Qe7 20. Nxa8 Rxa8 21. Qf3 Qh4 22. Be3 Nd3 23. Bf2 Nxf2 24. Qxf2 Bh6 25. e6 Bxf4 26. exf7+ Kxf7 27. Ne6 g5 28. Qd4 Nf5 29. Qd7+ Kf6 30. Nxf4 gxf4 31. Re6+ Kg5 32. Re5 1-0


[Site "https://www.chess.com"]

[Event "Titled Tuesday Blitz October 11 Early 2022"]
[White "Evdokimov, Alexey"]
[Black "Vlassov, Nikolai"]
[WhiteFideId "24162450"]
[BlackFideId "4103360"]
[WhiteElo "2154"]
[BlackElo "2324"]
[Result "0-1"]
[Round "03"]
[TimeControl "180+1"]
[Date "2022.10.12"]
[WhiteClock "0:00:03"]
[BlackClock "0:01:05"]

1. e4 Nc6 2. Nf3 d5 3. exd5 Qxd5 4. Nc3 Qa5 5. Bc4 Bg4 6. O-O Nf6 7. d4 O-O-O 8. Be3 e5 9. d5 e4 10. a3 exf3 11. gxf3 Ne5 12. b4 Nxf3+ 13. Qxf3 Bxf3 14. bxa5 Nxd5 15. Nxd5 Bxd5 16. Bxd5 Rxd5 17. Bxa7 Rxa5 18. Bd4 Bxa3 19. Kh1 f6 20. Rg1 Rd8 21. Bb2 Bb4 22. Rxa5 Bxa5 23. Rxg7 Rd2 24. Bxf6 Rxf2 25. Rg8+ Kd7 26. Bd4 Rxc2 27. Rg7+ Ke6 28. Rxh7 b5 29. h4 c5 30. Rh6+ Kd5 31. Be3 Ke4 32. Re6+ Kf3 33. h5 Re2 0-1


[Site "https://www.chess.com"]

[Event "Titled Tuesday Blitz October 11 Early 2022"]
[White "Fernandez Garcia, Gumersindo"]
[Black "Sailer, Mike"]
[WhiteFideId "24516740"]
[BlackFideId "2012901"]
[WhiteElo "2072"]
[BlackElo "2109"]
[Result "1-0"]
[Round "03"]
[TimeControl "180+1"]
[Date "2022.10.12"]
[WhiteClock "0:01:26"]
[BlackClock "0:00:31"]

1. Nf3 d5 2. b3 Nf6 3. Bb2 Bf5 4. e3 e6 5. c4 Be7 6. Be2 h6 7. O-O O-O 8. h3 c6 9. d4 a6 10. Nbd2 b5 11. Ne5 Nfd7 12. f4 Nxe5 13. fxe5 f6 14. exf6 Bxf6 15. Bg4 Bg5 16. Qe2 Nd7 17. Rae1 bxc4 18. bxc4 Rb8 19. Ba3 Rf7 20. e4 dxe4 21. Nxe4 Be7 22. Nd6 Bxd6 23. Bxd6 Rb7 24. d5 cxd5 25. cxd5 Qb6+ 26. Kh1 Qxd6 27. dxe6 Bxe6 28. Bxe6 Nf6 29. Qc4 Rc7 30. Bxf7+ Rxf7 31. Re8+ Nxe8 32. Qxf7+ Kh7 33. Qxe8 1-0


[Site "https://www.chess.com"]

[Event "Titled Tuesday Blitz October 11 Early 2022"]
[White "Fernandez Hernandez, Gerardo"]
[Black "Li, Hui"]
[WhiteFideId "2207400"]
[BlackFideId "15400310"]
[WhiteElo "2143"]
[BlackElo "1954"]
[Result "0-1"]
[Round "03"]
[TimeControl "180+1"]
[Date "2022.10.12"]
[WhiteClock "0:00:02"]
[BlackClock "0:00:19"]

1. e4 e5 2. Nf3 Nf6 3. Nc3 Nc6 4. d4 exd4 5. Nxd4 Bb4 6. Nxc6 bxc6 7. Bd3 O-O 8. O-O d5 9. exd5 cxd5 10. h3 c6 11. Qf3 Bd6 12. Bf4 Re8 13. Rfe1 Be6 14. Rad1 Rb8 15. b3 Qc7 16. Bxd6 Qxd6 17. Ne2 Qa3 18. Nd4 Qd6 19. c4 c5 20. Nxe6 Rxe6 21. cxd5 Rxe1+ 22. Rxe1 Qxd5 23. Qxd5 Nxd5 24. Bc4 Nb6 25. Re7 Nxc4 26. bxc4 g6 27. Rxa7 Rb1+ 28. Kh2 Rc1 29. Ra4 Rc2 30. Kg3 Kg7 31. Kf3 Kf6 32. h4 Ke5 33. Ke3 h6 34. g3 g5 35. h5 f5 36. Ra6 Rxc4 37. Rxh6 Ra4 38. Rc6 Ra3+ 39. Ke2 Rxa2+ 40. Ke3 Ra3+ 41. Ke2 Kd5 42. Rf6 Ke4 43. h6 Ra2+ 44. Ke1 Ra7 45. Rg6 c4 0-1


[Site "https://www.chess.com"]

[Event "Titled Tuesday Blitz October 11 Early 2022"]
[White "Flis, Pawel"]
[Black "Hoffmann, Asa"]
[WhiteFideId "1112864"]
[BlackFideId "2001470"]
[WhiteElo "1836"]
[BlackElo "2117"]
[Result "1-0"]
[Round "03"]
[TimeControl "180+1"]
[Date "2022.10.12"]
[WhiteClock "0:01:34"]
[BlackClock "0:01:34"]

1. Nf3 d6 2. e4 Bg4 3. d4 Nf6 4. Nc3 c6 5. a4 e6 6. h3 Bh5 7. Be2 d5 8. Qd3 Bb4 9. exd5 cxd5 10. O-O Nc6 11. Ne5 Bxc3 12. Nxc6 Bxe2 13. Qxe2 bxc6 14. bxc3 h6 15. Ba3 Ne4 16. Qa6 Qb6 17. Qd3 f6 18. f3 Ng5 19. Qg6+ Nf7 20. Qxg7 1-0


[Site "https://www.chess.com"]

[Event "Titled Tuesday Blitz October 11 Early 2022"]
[White "Gabdrakhmanov, Azat"]
[Black "Trimitzios, Petros"]
[WhiteFideId "34189197"]
[BlackFideId "25808796"]
[WhiteElo "2233"]
[BlackElo "2265"]
[Result "1-0"]
[Round "03"]
[TimeControl "180+1"]
[Date "2022.10.12"]
[WhiteClock "0:00:14"]
[BlackClock "0:00:04"]

1. e4 e5 2. Nf3 Nc6 3. Bb5 Nge7 4. O-O g6 5. c3 a6 6. Ba4 Bg7 7. d4 b5 8. Bb3 exd4 9. cxd4 d6 10. h3 O-O 11. Nc3 Na5 12. Bc2 Bb7 13. Re1 c5 14. d5 Nc4 15. Rb1 h6 16. Ne2 g5 17. h4 g4 18. Nh2 Bc8 19. Ng3 Ne5 20. Nh5 N7g6 21. Nxg7 Kxg7 22. g3 h5 23. Qd2 Rh8 24. b4 c4 25. Qd4 f6 26. Bb2 Bd7 27. Rf1 Re8 28. f4 gxf3 29. Nxf3 Nxf3+ 30. Rxf3 Ne5 31. Rf4 Bg4 32. Rbf1 Rf8 33. Bd1 Qe7 34. Bxg4 hxg4 35. Qe3 Qd7 36. h5 Rf7 37. Rxf6 Rxf6 38. Qg5+ Kh7 39. Rxf6 Qg7 40. Qf5+ Kh8 41. Bxe5 dxe5 42. Rf7 Qh6 43. Qxe5+ Kg8 44. Rf6 Qc1+ 45. Kg2 Qd2+ 46. Rf2 Qh6 47. d6 Rd8 48. Qd5+ Kh8 49. e5 Qxh5 50. Kg1 Qg5 51. Qd4 Qc1+ 52. Kg2 Qg5 53. e6+ Kg8 54. e7 Re8 55. d7 Qxe7 56. dxe8=Q+ Qxe8 57. Qd5+ Kg7 58. Qg5+ Kh7 59. Qh4+ Kg7 60. Qxg4+ Kh7 61. Qf3 Qc8 62. Qf5+ Qxf5 63. Rxf5 a5 64. bxa5 b4 65. Rc5 c3 66. a6 Kg6 67. a7 Kf6 68. a8=Q Ke6 69. Qa6+ Kd7 70. Qb7+ Kd6 71. Qb6+ Kd7 72. Rc7+ Kd8 73. Qb8# 1-0


[Site "https://www.chess.com"]

[Event "Titled Tuesday Blitz October 11 Early 2022"]
[White "Garv Gaur"]
[Black "Yuan, Qingyu"]
[WhiteFideId "45030839"]
[BlackFideId "8609772"]
[WhiteElo "1960"]
[BlackElo "2359"]
[Result "1-0"]
[Round "03"]
[TimeControl "180+1"]
[Date "2022.10.12"]
[WhiteClock "0:01:17"]
[BlackClock "0:00:25"]

1. d4 d5 2. Nf3 Nf6 3. c4 e6 4. g3 dxc4 5. Bg2 c5 6. O-O Nc6 7. dxc5 Qxd1 8. Rxd1 Bxc5 9. Nbd2 c3 10. bxc3 O-O 11. Nb3 Be7 12. Nfd4 Nxd4 13. cxd4 Nd5 14. Bd2 f5 15. f3 f4 16. gxf4 Nxf4 17. Bxf4 Rxf4 18. Rac1 Ba3 19. Rc2 Bd7 20. e3 Rf6 21. f4 Rc8 22. Rdd2 b6 23. Rxc8+ Bxc8 24. Rc2 Ba6 25. Nd2 Rf8 26. Rc7 Rf7 27. Rc6 Re7 28. Nc4 Bxc4 29. Rxc4 Bd6 30. Rc6 Bc7 31. Bh3 Kf7 32. Bxe6+ Rxe6 33. Rxc7+ Kf6 34. Kf2 a5 35. Kf3 Rd6 36. Ke4 h6 37. d5 g5 38. Rc6 Ke7 39. Rxd6 Kxd6 40. fxg5 hxg5 41. Kd4 b5 42. e4 b4 43. Kc4 a4 44. Kxb4 1-0


[Site "https://www.chess.com"]

[Event "Titled Tuesday Blitz October 11 Early 2022"]
[White "Girsh, Daniel"]
[Black "Dwilewicz, Katarzyna"]
[WhiteFideId "30949190"]
[BlackFideId "1148486"]
[WhiteElo "2075"]
[BlackElo "2023"]
[Result "0-1"]
[Round "03"]
[TimeControl "180+1"]
[Date "2022.10.12"]
[WhiteClock "0:01:35"]
[BlackClock "0:01:15"]

1. d4 d5 2. Nc3 Nf6 3. Bf4 c6 4. e3 g6 5. h4 Bg7 6. h5 Nxh5 7. Rxh5 gxh5 8. Qxh5 Qd7 9. Nf3 Qf5 10. Qh2 Qxc2 11. Nd1 Nd7 12. Qg3 O-O 13. Ng5 Nf6 14. Be5 Bf5 15. Bxf6 exf6 16. Nf3 Rfe8 17. Be2 Bd3 18. Nd2 Bxe2 19. Kxe2 c5 20. Qg4 f5 21. Qxf5 Qxf5 0-1


[Site "https://www.chess.com"]

[Event "Titled Tuesday Blitz October 11 Early 2022"]
[White "Goltsev, Dmitry"]
[Black "Haitin, Ilja"]
[WhiteFideId "24176710"]
[BlackFideId "4501764"]
[WhiteElo "2257"]
[BlackElo "2221"]
[Result "1-0"]
[Round "03"]
[TimeControl "180+1"]
[Date "2022.10.12"]
[WhiteClock "0:00:11"]
[BlackClock "0:00:17"]

1. e4 d6 2. Nf3 Nf6 3. Nc3 e5 4. d4 Nbd7 5. Bc4 Be7 6. Bxf7+ Kxf7 7. Ng5+ Kg8 8. Ne6 Qe8 9. Nxc7 Qg6 10. O-O Rb8 11. f4 h6 12. Be3 Kh7 13. f5 Qg4 14. Qd3 exd4 15. Qxd4 Ne5 16. h3 Qh5 17. N3d5 Nxd5 18. Nxd5 Bg5 19. f6 Bxh3 20. gxh3 Nf3+ 21. Rxf3 Qxf3 22. Bxg5 Qg3+ 23. Kf1 Qxg5 24. Ke2 Rhe8 25. Rg1 Qh5+ 26. Kd3 Qxh3+ 27. Kc4 b5+ 28. Kb4 a5+ 29. Kxa5 b4 30. Rxg7+ Kh8 31. Ra7 Re5 32. Ka4 b3 33. Ne7 bxa2 34. Ng6+ Kg8 35. Rg7# 1-0


[Site "https://www.chess.com"]

[Event "Titled Tuesday Blitz October 11 Early 2022"]
[White "Gonzalez, Francisco Silva"]
[Black "Dilmukhametov, Artur"]
[WhiteFideId "1512285"]
[BlackFideId "24179922"]
[WhiteElo "2159"]
[BlackElo "2197"]
[Result "1-0"]
[Round "03"]
[TimeControl "180+1"]
[Date "2022.10.12"]
[WhiteClock "0:01:54"]
[BlackClock "0:00:13"]

1. d4 Nf6 2. c4 g6 3. Nc3 Bg7 4. e4 d6 5. Be2 O-O 6. g4 e5 7. g5 Nfd7 8. d5 Na6 9. h4 Nac5 10. b4 Na6 11. a3 f6 12. Be3 f5 13. f3 fxe4 14. Nxe4 Rf7 15. Nh3 Nf8 16. Nhf2 Bf5 17. c5 Bxe4 18. Nxe4 Nd7 19. c6 bxc6 20. Bxa6 cxd5 21. Qxd5 Nb6 22. Qe6 Qf8 23. Rd1 Kh8 24. h5 Rxf3 25. hxg6 Rxe3+ 26. Kd2 Qf2+ 27. Nxf2 1-0


[Site "https://www.chess.com"]

[Event "Titled Tuesday Blitz October 11 Early 2022"]
[White "Gubanov, Oleg"]
[Black "Gilmanov, Mansur"]
[WhiteFideId "14115115"]
[BlackFideId "4166868"]
[WhiteElo "2158"]
[BlackElo "2377"]
[Result "1/2-1/2"]
[Round "03"]
[TimeControl "180+1"]
[Date "2022.10.12"]
[WhiteClock "0:00:17"]
[BlackClock "0:00:12"]

1. d4 f5 2. Bg5 Nf6 3. Bxf6 exf6 4. e3 d5 5. Qf3 c6 6. Bd3 g6 7. h4 Bd6 8. h5 Kf7 9. hxg6+ hxg6 10. Rxh8 Qxh8 11. Nd2 Be6 12. O-O-O Nd7 13. c4 a5 14. Ne2 a4 15. Nf4 Bxf4 16. Qxf4 Qb8 17. Qxb8 Rxb8 18. cxd5 Bxd5 19. Bc4 Nb6 20. Bxd5+ Nxd5 21. Rh1 Kg7 22. a3 Re8 23. Kc2 g5 24. Kd3 Rd8 25. Kc4 Nc7 26. Rb1 f4 27. b3 fxe3 28. fxe3 Nd5 29. e4 Nf4 30. bxa4 Rd7 31. Kc5 Ne2 32. Rb4 Nf4 33. Nb3 Nxg2 34. d5 cxd5 35. exd5 Nf4 36. d6 Nd3+ 37. Kd5 Nxb4+ 38. axb4 g4 39. Nd4 Kg6 40. Ke6 Rd8 41. d7 g3 42. Ke7 g2 43. Ne2 Rh8 44. d8=Q Rxd8 45. Kxd8 Kg5 46. a5 f5 47. b5 f4 48. Ng1 Kg4 49. a6 bxa6 50. bxa6 f3 51. Nxf3 Kxf3 52. a7 g1=Q 53. a8=Q+ Ke2 54. Qa2+ Kf1 55. Qa1+ Kg2 56. Qxg1+ Kxg1 1/2-1/2


[Site "https://www.chess.com"]

[Event "Titled Tuesday Blitz October 11 Early 2022"]
[White "Hajiyev, Kanan"]
[Black "Baskakov, Egor"]
[WhiteFideId "13404148"]
[BlackFideId "24197866"]
[WhiteElo "2118"]
[BlackElo "2211"]
[Result "0-1"]
[Round "03"]
[TimeControl "180+1"]
[Date "2022.10.12"]
[WhiteClock "0:00:04"]
[BlackClock "0:01:53"]

1. d4 Nf6 2. c4 e6 3. Nf3 d5 4. cxd5 exd5 5. Nc3 Ne4 6. Qb3 c6 7. Bf4 f5 8. e3 Bd6 9. Bd3 Qc7 10. Bxd6 Qxd6 11. O-O Qe7 12. Rac1 Be6 13. Qc2 Nd7 14. b4 Qxb4 15. Bxe4 fxe4 16. Ng5 Bf5 17. Rb1 Qe7 18. f4 Nb6 19. Nf3 exf3 20. Qxf5 fxg2 21. Rfe1 Qf6 22. Qxf6 gxf6 23. Kxg2 Kd7 24. Kf3 Rae8 25. a4 Kc7 26. Rec1 Nc4 27. Rc2 Rxe3+ 28. Kf2 Rh3 29. Kg2 Ne3+ 30. Kxh3 Nxc2 31. Rc1 Ne3 32. Re1 Nf5 33. Kg4 Nxd4 34. Re7+ Kb6 35. a5+ Ka6 36. Na4 b6 37. axb6 axb6 38. Nc3 h5+ 39. Kh4 Nf5+ 0-1


[Site "https://www.chess.com"]

[Event "Titled Tuesday Blitz October 11 Early 2022"]
[White "Halkias, Stelios"]
[Black "Stribuk, Artiom"]
[WhiteFideId "4201809"]
[BlackFideId "13515659"]
[WhiteElo "2453"]
[BlackElo "2279"]
[Result "1/2-1/2"]
[Round "03"]
[TimeControl "180+1"]
[Date "2022.10.11"]
[WhiteClock "0:00:15"]
[BlackClock "0:00:09"]

1. Nf3 c5 2. c4 g6 3. d4 cxd4 4. Nxd4 Bg7 5. e4 Nc6 6. Be3 Nf6 7. Nc3 d6 8. Be2 O-O 9. O-O Bd7 10. h3 Nxd4 11. Bxd4 a5 12. Qc2 a4 13. Rad1 Qa5 14. Rfe1 Be6 15. Bf1 Rfc8 16. Nd5 Bxd5 17. exd5 b5 18. Rxe7 Nxd5 19. Re4 Nb4 20. Qd2 bxc4 21. Bxg7 Kxg7 22. Rxc4 Rxc4 23. Bxc4 d5 24. Bxd5 Rd8 25. Qc3+ f6 26. Bf3 Rxd1+ 27. Bxd1 Qd5 28. Bxa4 Nxa2 29. Qc7+ Kh6 30. Qf4+ Kg7 31. Qc7+ Kh6 32. Qb8 Qc5 33. Qf4+ Kg7 34. Bb3 Nb4 35. Qc4 Qb6 36. Qf7+ Kh6 37. Qf8+ Kg5 38. h4+ Kf4 39. Qh6+ Ke5 40. Qd2 Qd4 41. Qe2+ Kd6 42. Qe6+ Kc7 43. Qe7+ Kb6 44. Qxh7 Nd3 45. Qxg6 Qxf2+ 46. Kh2 Qxh4+ 47. Kg1 Qf2+ 48. Kh2 Qh4+ 49. Kg1 Qd4+ 50. Kh2 Qh4+ 1/2-1/2


[Site "https://www.chess.com"]

[Event "Titled Tuesday Blitz October 11 Early 2022"]
[White "Hanley, Craig A"]
[Black "Lewtak, Damian"]
[WhiteFideId "408514"]
[BlackFideId "1141724"]
[WhiteElo "2439"]
[BlackElo "2329"]
[Result "0-1"]
[Round "03"]
[TimeControl "180+1"]
[Date "2022.10.12"]
[WhiteClock "0:00:19"]
[BlackClock "0:01:09"]

1. d4 g6 2. e4 Bg7 3. c3 a6 4. Bc4 e6 5. Nf3 b5 6. Bd3 Ne7 7. O-O Bb7 8. a4 c6 9. e5 d6 10. exd6 Qxd6 11. b3 bxa4 12. Ba3 Qc7 13. Nbd2 O-O 14. Nc4 Rd8 15. Bxe7 Qxe7 16. Rxa4 c5 17. Na5 cxd4 18. cxd4 Bd5 19. Bc4 Ra7 20. Ne5 Bxe5 21. dxe5 Bxc4 22. Rxc4 Rxd1 23. Rxd1 Kg7 24. Rc8 Rd7 25. Rdc1 Rd8 0-1


[Site "https://www.chess.com"]

[Event "Titled Tuesday Blitz October 11 Early 2022"]
[White "Harsh Suresh"]
[Black "Gulevich, Artem"]
[WhiteFideId "45018464"]
[BlackFideId "24119580"]
[WhiteElo "2180"]
[BlackElo "2218"]
[Result "1-0"]
[Round "03"]
[TimeControl "180+1"]
[Date "2022.10.12"]
[WhiteClock "0:01:04"]
[BlackClock "0:00:25"]

1. d4 d5 2. Nf3 Nf6 3. Bf4 e6 4. e3 Bd6 5. c3 c5 6. Bd3 Qc7 7. Bg3 Nbd7 8. Nbd2 e5 9. dxe5 Nxe5 10. Nxe5 Bxe5 11. Nf3 Bd6 12. O-O O-O 13. Qc2 Bxg3 14. hxg3 Bg4 15. Nh2 Bh5 16. g4 Bg6 17. Rad1 Rad8 18. Qe2 Rfe8 19. Qf3 Ne4 20. Qf4 Qxf4 21. exf4 f6 22. f3 Ng3 23. Bxg6 Nxf1 24. Bxe8 Ne3 25. Ba4 b5 26. Rd3 1-0


[Site "https://www.chess.com"]

[Event "Titled Tuesday Blitz October 11 Early 2022"]
[White "Harsha Bharathakoti"]
[Black "Seo, Jung Min"]
[WhiteFideId "5078776"]
[BlackFideId "1734687"]
[WhiteElo "2523"]
[BlackElo "2455"]
[Result "1-0"]
[Round "03"]
[TimeControl "180+1"]
[Date "2022.10.11"]
[WhiteClock "0:00:45"]
[BlackClock "0:01:31"]

1. e4 Nc6 2. Nf3 d5 3. Nc3 d4 4. Ne2 e5 5. Ng3 Bd6 6. Bb5 Ne7 7. d3 O-O 8. c3 a6 9. Ba4 b5 10. Bc2 dxc3 11. bxc3 b4 12. Bd2 a5 13. h3 Bc5 14. O-O Ba6 15. Qe2 Qd7 16. Rfd1 Rad8 17. Be1 Ng6 18. cxb4 axb4 19. Ba4 Qd6 20. Nf5 Qf6 21. Qc2 Nd4 22. Qxc5 Nxf3+ 23. gxf3 Nf4 24. Bd2 Nxh3+ 25. Kg2 Rxd3 26. Kxh3 Rxf3+ 27. Kg2 Be2 28. Qxf8+ Kxf8 29. Bxb4+ Kg8 30. Ne7+ 1-0


[Site "https://www.chess.com"]

[Event "Titled Tuesday Blitz October 11 Early 2022"]
[White "Hartikainen, Jarmo"]
[Black "Seemann, Jakub"]
[WhiteFideId "503134"]
[BlackFideId "21874697"]
[WhiteElo "2135"]
[BlackElo "2275"]
[Result "1-0"]
[Round "03"]
[TimeControl "180+1"]
[Date "2022.10.12"]
[WhiteClock "0:01:22"]
[BlackClock "0:01:33"]

1. e4 c6 2. d4 d5 3. Nd2 dxe4 4. Nxe4 Nf6 5. Nxf6+ exf6 6. Bf4 Bd6 7. Qf3 Bxf4 8. Qxf4 O-O 9. Bd3 Re8+ 10. Ne2 Nd7 11. h4 Nf8 12. h5 c5 13. O-O-O cxd4 14. Nxd4 h6 15. Rhe1 Rxe1 16. Rxe1 Bd7 17. Bf5 Rc8 18. Bxd7 Qxd7 19. Nf5 Kh7 20. Qg4 g6 21. hxg6+ Nxg6 22. Qh5 Kg8 23. Nxh6+ Kf8 24. Nf5 1-0


[Site "https://www.chess.com"]

[Event "Titled Tuesday Blitz October 11 Early 2022"]
[White "Haukenfrers, Dale"]
[Black "Yurovskykh, Oleksandr"]
[WhiteFideId "2603780"]
[BlackFideId "14134020"]
[WhiteElo "1968"]
[BlackElo "2303"]
[Result "0-1"]
[Round "03"]
[TimeControl "180+1"]
[Date "2022.10.12"]
[WhiteClock "0:00:13"]
[BlackClock "0:00:50"]

1. c3 d5 2. d3 c5 3. g3 Nc6 4. Bg2 e5 5. Qb3 Nge7 6. Nf3 f6 7. O-O Qb6 8. Nbd2 Be6 9. Rd1 Qxb3 10. Nxb3 b6 11. e4 d4 12. cxd4 cxd4 13. Bd2 Nc8 14. Rac1 Kd7 15. Re1 a5 16. Rc2 a4 17. Nc1 N8a7 18. a3 Be7 19. Ne2 Rhc8 20. Rcc1 b5 21. Nh4 g6 22. Nf3 b4 23. Ra1 bxa3 24. bxa3 Nb5 25. Bc1 Na5 26. Nd2 Nb3 27. Nxb3 axb3 28. a4 Nc3 29. a5 Bb4 30. a6 Rc6 31. Bb2 Rcxa6 32. Rxa6 Rxa6 33. f4 Ra2 34. f5 gxf5 35. exf5 Bf7 36. Bxc3 Bxc3 37. Rb1 Rxe2 38. Rxb3 Bxb3 39. g4 Bd2 40. Bf3 Be3+ 41. Kf1 Rf2+ 42. Kg1 Rxf3+ 43. Kg2 Bd5 44. g5 Rxf5+ 45. Kh3 Rxg5 46. Kh4 Bf4 47. Kh3 Bf3 48. Kh4 Rh5# 0-1


[Site "https://www.chess.com"]

[Event "Titled Tuesday Blitz October 11 Early 2022"]
[White "Heinemann, Josefine"]
[Black "Troltenier, Dirk"]
[WhiteFideId "12900460"]
[BlackFideId "4606400"]
[WhiteElo "2300"]
[BlackElo "2270"]
[Result "1-0"]
[Round "03"]
[TimeControl "180+1"]
[Date "2022.10.12"]
[WhiteClock "0:01:39"]
[BlackClock "0:00:21"]

1. d4 d5 2. c4 c6 3. Nf3 Nf6 4. e3 e6 5. Nc3 Nbd7 6. Qc2 Bd6 7. Bd2 O-O 8. Bd3 dxc4 9. Bxc4 e5 10. dxe5 Nxe5 11. Nxe5 Bxe5 12. O-O-O b5 13. Bd3 Be6 14. f4 Bc7 15. Be1 Qe7 16. Bh4 Bb6 17. Bxh7+ Kh8 18. Kb1 g6 19. Ne4 Bxa2+ 20. Ka1 Qe6 21. Bxf6+ Kxh7 22. Ng5+ 1-0


[Site "https://www.chess.com"]

[Event "Titled Tuesday Blitz October 11 Early 2022"]
[White "Horak, Martin"]
[Black "Lazavik, Denis"]
[WhiteFideId "367095"]
[BlackFideId "13515110"]
[WhiteElo "2091"]
[BlackElo "2437"]
[Result "0-1"]
[Round "03"]
[TimeControl "180+1"]
[Date "2022.10.11"]
[WhiteClock "0:00:02"]
[BlackClock "0:00:09"]

1. d4 f5 2. Nf3 Nf6 3. c4 g6 4. e3 a5 5. Be2 Bg7 6. O-O O-O 7. Nc3 b6 8. b3 Bb7 9. Bb2 e6 10. Nd2 Qe7 11. Bf3 Nc6 12. Nb5 d6 13. d5 exd5 14. Bxf6 Bxf6 15. Bxd5+ Kg7 16. Rb1 Rae8 17. Nf3 Qd7 18. Nfd4 Nd8 19. Bxb7 Nxb7 20. Qc2 f4 21. Rbe1 fxe3 22. fxe3 Nc5 23. Nc3 Rxe3 24. Rxe3 Bxd4 25. Rxf8 Bxe3+ 26. Rf2 Qe6 27. Nd5 Bd4 28. Kf1 Bxf2 29. Qxf2 Qe5 30. Nxc7 Ne4 31. Qe1 Qf6+ 32. Kg1 Qd4+ 33. Kf1 Kg8 34. Nd5 Nd2+ 35. Ke2 Nxc4 0-1


[Site "https://www.chess.com"]

[Event "Titled Tuesday Blitz October 11 Early 2022"]
[White "Huber, Benedikt"]
[Black "Ciuffoletti, Paolo"]
[WhiteFideId "12923583"]
[BlackFideId "807630"]
[WhiteElo "2199"]
[BlackElo "2143"]
[Result "1-0"]
[Round "03"]
[TimeControl "180+1"]
[Date "2022.10.12"]
[WhiteClock "0:01:09"]
[BlackClock "0:00:04"]

1. d4 d5 2. Nc3 Nf6 3. Bf4 c5 4. e4 dxe4 5. dxc5 Qxd1+ 6. Rxd1 a6 7. Bc4 Nbd7 8. b4 e6 9. Nge2 Be7 10. Ng3 b5 11. Bb3 Bb7 12. O-O O-O 13. Rfe1 Rfd8 14. Ngxe4 Nxe4 15. Nxe4 Bxe4 16. Rxe4 Nxc5 17. Red4 Nxb3 18. axb3 Rxd4 19. Rxd4 Rd8 20. Rxd8+ Bxd8 21. c4 Kf8 22. Kf1 Ke8 23. Ke2 Kd7 24. Kd3 Be7 25. Bd2 Kc6 26. g4 f6 27. f3 g6 28. h3 e5 29. Ke4 Bd6 30. Be1 Bc7 31. Bh4 Bd8 32. Be1 Be7 33. Bc3 Bd8 34. h4 h6 35. h5 f5+ 36. Kxe5 fxg4 37. fxg4 gxh5 38. gxh5 Bg5 39. Ke6 Bf4 40. Kf5 Be3 41. Kg6 Bf4 42. Bg7 Bd2 43. Bxh6 Bxb4 44. cxb5+ Kxb5 45. Bg7 Bd2 46. Bf8 a5 47. Kf5 Bc1 48. Ke4 Bd2 49. Kd3 Bc1 50. Kc2 Be3 51. Bg7 Bg5 52. Bc3 Bf4 53. Bd2 Be5 54. h6 Bh8 55. Bc3 1-0


[Site "https://www.chess.com"]

[Event "Titled Tuesday Blitz October 11 Early 2022"]
[White "Ilkhomi, Jaloliddin"]
[Black "Hardaway, Brewington"]
[WhiteFideId "14700948"]
[BlackFideId "30941849"]
[WhiteElo "2045"]
[BlackElo "2159"]
[Result "0-1"]
[Round "03"]
[TimeControl "180+1"]
[Date "2022.10.12"]
[WhiteClock "0:00:02"]
[BlackClock "0:00:48"]

1. d4 Nf6 2. Nf3 e6 3. Bf4 d5 4. e3 c5 5. Nbd2 Bd6 6. Bg3 Qc7 7. c3 Nbd7 8. Bd3 O-O 9. O-O e5 10. dxe5 Nxe5 11. Nxe5 Bxe5 12. Bxe5 Qxe5 13. Qe2 b6 14. Rae1 Bb7 15. e4 Rfe8 16. f4 Qh5 17. Qxh5 Nxh5 18. e5 g6 19. g4 Ng7 20. f5 Rad8 21. e6 gxf5 22. gxf5 fxe6 23. f6 Nf5 24. Bxf5 exf5 25. Rxe8+ Rxe8 26. Rxf5 Kf7 27. Nf3 Kg6 28. Nh4+ Kf7 29. Nf3 Bc8 30. Ne5+ Ke6 31. f7 Rf8 32. Rg5 Kf6 33. Rg8 Ke7 34. Kf2 Be6 35. Kf3 Rxg8 36. fxg8=Q Bxg8 37. Nc6+ Kf6 38. Nxa7 Be6 39. Nb5 Bd7 40. Na3 Ke5 41. Nc2 d4 42. cxd4+ cxd4 43. Ke2 Ke4 44. Kd2 Bb5 45. b3 h5 46. a4 Bf1 47. b4 h4 48. a5 bxa5 49. bxa5 Bb5 50. Na3 Ba6 51. Nc2 h3 52. Nb4 Bb5 53. Nc2 d3 54. Ne1 Ba6 55. Kc1 Ke3 56. Kd1 Bb5 57. Kc1 d2+ 58. Kd1 Be2+ 59. Kc2 d1=Q+ 0-1


[Site "https://www.chess.com"]